 Dungeon Crawl Stone Soup version 0.24-a0-416-g56ce5178b7 (webtiles) character file.

Game seed: 14268396335346919379

2014 ohad the Insei (level 9, -1/64 HPs)
             Began as an Octopode Transmuter on June 8, 2019.
             Was an Initiate of Gozag.
             Slain by a killer bee (5 damage)
             ... on level 7 of the Dungeon.
             The game lasted 00:20:36 (8472 turns).

ohad the Insei (Octopode Transmuter)                Turns: 8472, Time: 00:20:37

Health: -1/64      AC:  6    Str: 14    XL:     9   Next: 22%
Magic:  15/16      EV: 18    Int: 19    God:    Gozag
Gold:   385        SH:  0    Dex: 20    Spells: 8/18 levels left

rFire    x . .     SeeInvis .     - Unarmed
rCold    + + +     Gourm    .   (shield currently unavailable)
rNeg     . . .     Faith    +   (helmet currently unavailable)
rPois    +         Spirit   .   h - amulet of faith
rElec    .         Reflect  .   p - +3 ring of dexterity
rCorr    .         Harm     .   (no ring)
MR       .....                  (no ring)
Stlth    +++.......             (no ring)
HPRegen  0.20/turn              (no ring)
MPRegen  0.15/turn              (no ring)
                                (no ring)
                                (no ring)

@: mighty, agile, lethally poisoned (-1 -> -3), ice-form
A: large, almost no armour, stealthy swim, amphibious, 8 rings, (constrict 8)
a: End Transformation, Potion Petition, Call Merchant, Bribe Branch, Renounce
Religion


You were on level 7 of the Dungeon.
You worshipped Gozag.
Gozag was aware of your devotion.
You were hungry.
You were a creature of crystalline ice.
You visited 2 branches of the dungeon, and saw 8 of its levels.

You collected 532 gold pieces.
You paid 147 gold pieces to Gozag.

Inventory:

Hand Weapons
 w - a +4 dagger
 y - a +4 morningstar
Missiles
 a - 78 arrows
 f - 69 bolts
 i - 11 boomerangs (quivered)
 l - 4 curare-tipped darts
 m - 7 poisoned darts
 t - 8 atropa-tipped darts
 C - 2 silver boomerangs
Magical Staves
 s - an uncursed staff of wizardry {unknown}
Jewellery
 h - an amulet of faith (around neck)
 p - a +3 ring of dexterity (left front paw)
Wands
 r - a wand of flame (18)
 u - a wand of disintegration (19)
 z - a wand of scattershot (8)
Scrolls
 d - 5 scrolls of identify
 e - 4 scrolls of remove curse
 g - 2 scrolls of immolation
 j - 5 scrolls of enchant armour
 n - 4 scrolls of teleportation
 q - a scroll of amnesia
 B - a scroll of random uselessness {unknown}
Potions
 b - a potion of berserk rage
 o - a potion of mutation
 v - 2 potions of degeneration {unknown}
 x - 2 potions of might {unknown}
 A - 2 potions of curing {unknown}
Comestibles
 c - 14 rations


   Skills:
 + Level 1.6 Fighting
 + Level 5.2 Dodging
 * Level 2.2 Stealth
 + Level 7.3 Unarmed Combat
 - Level 5.1 Spellcasting
 - Level 5.5 Transmutations
 - Level 3.0 Ice Magic


You had 8 spell levels left.
You knew the following spells:

 Your Spells              Type           Power        Failure   Level  Hunger
a - Beastly Appendage     Tmut           ####..       1%          1    None
b - Sticks to Snakes      Tmut           ####....     1%          2    #......
c - Spider Form           Tmut/Pois      ###.......   12%         3    ##.....
d - Ice Form              Ice/Tmut       ###.....     22%         4    ####...

Your spell library contained the following spells:

 Spells                   Type           Power        Failure   Level  Hunger
 Animate Skeleton         Necr           N/A          12%         1    None
 Apportation              Tloc           #.....       12%         1    None
 Confusing Touch          Hex            #.....       12%         1    None
 Summon Small Mammal      Summ           #...         12%         1    None
 Blade Hands              Tmut           ####......   34%         5    ######.


Dungeon Overview and Level Annotations

Branches:
Dungeon (7/15)             Temple (1/1) D:4

Altars:
Ashenzari
Cheibriados
Dithmenos
Elyvilon
Fedhas
Gozag
Hepliaklqana
Kikubaaqudgha
Makhleb
Nemelex Xobeh
Okawaru
Qazlal
Ru
Sif Muna
Trog
Uskayaw
Vehumet
Wu Jian
Xom
Yredelemnul
Zin
The Shining One

Shops:
D:5 }[[   D:6 :

Annotations:
D:6 3 runed translucent doors, feelmyfire's ghost, novice OgIE


Innate Abilities, Weirdness & Mutations

You cannot wear most types of armour.
You are very stealthy in the water. (Stealth+)
You are amphibious.
You can wear up to eight rings at the same time.
((You can use your tentacles to constrict eight enemies at once.))
((Your skin changes colour to match your surroundings (Stealth+).))
((Your rubbery body absorbs attacks. (AC +1, EV +1)))


Message History

The killer bee stings you!
* * * LOW HITPOINT WARNING * * *
You miss the killer bee. The killer bee barely misses you.
You punch the killer bee! You freeze the killer bee!
You kill the killer bee!
You feel sick.
The killer bee becomes distracted by the nearby gold, dreaming of imaginary riches.
You swing at nothing.
You swing at nothing.
You feel sick.
The killer bee is no longer distracted by gold.
The killer bee barely misses you.
The killer bee stings you but does no damage.
You see here 38 gold pieces.
You punch the killer bee! You freeze the killer bee.
The killer bee is severely wounded.
The killer bee stings you!
* * * LOW HITPOINT WARNING * * *
The killer bee stings you.
You die...
Your body crumbles into a pile of gold.

#........# #........#
#...[....## .
#.........# ...
#.........#
...y####.........###
F......)............ ...
..#..$.....###.#######..
#######.yY.....(.....
#.#####.#####.# #.#
#..###..# #.# ##...#.#
..# ###...# ### #..##
#..# #..# #..######..


You could see a killer bee.

Vanquished Creatures
  The ghost of Ratty the Magician, an amateur DENe (D:3)
  A black bear (D:6)
  2 phantoms
  An ogre (D:4)
  2 centaurs (D:7)
  3 bullfrogs
  5 killer bees (D:7)
  2 scorpions
  A howler monkey (D:5)
  3 crimson imps
  2 hounds
  2 centaur skeletons (D:6)
  4 orc priests
  2 orc wizards
  A bullfrog skeleton (D:7)
  2 iguanas
  4 worker ants
  8 adders
  A howler monkey skeleton (D:4)
  3 gnolls
  A shadow imp (D:7)
  An ooze (D:5)
  3 adder zombies
  4 worms
  6 dart slugs
  2 leopard geckos (D:4)
  15 orcs
  5 giant cockroaches
  11 goblins
  14 hobgoblins
  6 jackals
  4 quokkas
  2 ball pythons
  16 bats
  9 frilled lizards
  A giant cockroach zombie (D:5)
  4 kobolds
  A quokka skeleton (D:5)
  24 rats
179 creatures vanquished.

Vanquished Creatures (collateral kills)
  An adder (D:3)
1 creature vanquished.

Grand Total: 180 creatures vanquished

Notes
Turn   | Place    | Note
-------+----------+-------------------------------------------
     0 | D:1      | ohad the Octopode Transmuter began the quest for the Orb.
     0 | D:1      | Reached XP level 1. HP: 13/13 MP: 3/3
   370 | D:1      | Reached XP level 2. HP: 18/18 MP: 3/5
   595 | D:1      | Reached XP level 3. HP: 18/23 MP: 4/6
   878 | D:2      | Reached skill level 4 in Unarmed Combat
  1321 | D:2      | Found a deep blue altar of Sif Muna.
  1446 | D:2      | Reached XP level 4. HP: 25/28 MP: 7/7
  2350 | D:3      | Learned a level 2 spell: Sticks to Snakes
  2354 | D:3      | Learned a level 3 spell: Spider Form
  2378 | D:3      | Reached XP level 5. HP: 26/33 MP: 4/8
  2627 | D:3      | Reached skill level 5 in Unarmed Combat
  2708 | D:3      | Found a runed translucent gate.
  2708 | D:3      | Found a runed translucent gate.
  2709 | D:3      | Found a runed translucent gate.
  2709 | D:3      | Found an opulent altar of Gozag.
  2711 | D:3      | Noticed Ratty's ghost (amateur DENe)
  2729 | D:3      | Found a faded altar of an unknown god.
  2798 | D:3      | Found a sparkling altar of Nemelex Xobeh.
  3629 | D:4      | Reached XP level 6. HP: 38/38 MP: 5/9
  3896 | D:4      | Reached skill level 6 in Unarmed Combat
  4096 | D:4      | Found a shimmering altar of Xom.
  4103 | D:4      | Found a shimmering altar of Xom.
  4113 | D:4      | Found a shimmering altar of Xom.
  4122 | D:4      | Found a shimmering altar of Xom.
  4144 | D:4      | Found a staircase to the Ecumenical Temple.
  4163 | Temple   | Entered the Ecumenical Temple
  4430 | D:4      | Found a shattered altar of Ashenzari.
  4480 | D:4      | Reached XP level 7. HP: 25/43 MP: 7/10
  4814 | D:5      | Entered Level 5 of the Dungeon
  5154 | D:5      | Found Wahah's Gadget Emporium.
  5607 | D:5      | Learned a level 4 spell: Ice Form
  5630 | D:5      | Found Veppeonu's Armour Shop.
  5877 | D:5      | Found Zeheffat's Antique Armour Emporium.
  6194 | D:6      | Reached skill level 1 in Ice Magic
  6681 | D:6      | Reached XP level 8. HP: 31/48 MP: 2/13
  6735 | D:6      | Found a runed translucent gate.
  6736 | D:6      | Found a runed translucent gate.
  6737 | D:6      | Found a runed translucent gate.
  6739 | D:6      | Noticed feelmyfire's ghost (novice OgIE)
  6748 | D:6      | Found Edoxyuk's Book Shop.
  7807 | D:7      | Reached skill level 5 in Transmutations
  8073 | D:3      | Killed Ratty's ghost
  8073 | D:3      | Reached skill level 5 in Spellcasting
  8086 | D:3      | Became a worshipper of Gozag Ym Sagoz the Greedy
  8283 | D:7      | Reached XP level 9. HP: 40/53 MP: 14/16
  8457 | D:7      | Reached skill level 5 in Dodging
  8457 | D:7      | Reached skill level 7 in Unarmed Combat
  8460 | D:7      | Reached skill level 1 in Stealth
  8472 | D:7      | Slain by a killer bee

Levels and vault maps discovered:
D:1:      dpeg_arrival_rooms_a, layout_rooms
D:2:      layout_basic, overflow_temple_1_default, first_ration,
          serial_park_tiny_2, chequers_serial_rivers_micro_c,
          kennysheep_generic_room_12
D:3:      layout_rooms, nemelex_altar_shiori, chequers_ecumenical_altar_island,
          ebering_ghost_gozag, minmay_rat_hole
D:4:      layout_loops_ring, ashenzari_altar_1, xom_redecorated,
          minmay_temple_entry_offerings, minmay_joined_circles
D:5:      layout_loops_cross, serial_shops, shop, shop_fountains,
          kennysheep_mini, kennysheep_generic_room_4
D:6:      layout_rooms, ebering_ghost_rock_garden, serial_shops, shop
D:7:      layout_rooms, minivault_4, kennysheep_flooded_box
Temple:   minmay_crystal_spiral_temple

Skill      XL: |  1  2  3  4  5  6  7  8  9 |
---------------+----------------------------+-----
Unarmed Combat | 4 5 6 7 |  7.3
Dodging        | 3 4 5 |  5.2
Spellcasting   | 3 5 |  5.1
Transmutations | 3 5 |  5.5
Ice Magic      | 1 3 |  3.0
Stealth        | 2 |  2.2
Fighting       | |  1.6

Action                   |  1- 3 |  4- 6 |  7- 9 || total
-------------------------+-------+-------+-------++-------
Melee: Unarmed           |    74 |   194 |   261 ||   529
       Constrict         |    21 |    37 |    18 ||    76
       Kick              |    11 |     5 |     9 ||    25
       Tentacles         |    12 |    17 |    23 ||    52
       Punch             |     1 |     5 |     1 ||     7
 Cast: Beastly Appendage |    16 |    10 |     1 ||    27
       Spider Form       |       |     6 |    14 ||    20
       Sticks to Snakes  |       |     1 |     6 ||     7
       Ice Form          |       |       |     3 ||     3
Invok: Potion Petition   |       |       |     1 ||     1
 Abil: End Transformatio |       |       |     1 ||     1
  Use: Scroll            |       |     7 |     2 ||     9
       Potion            |       |       |     4 ||     4
 Stab: Sleeping          |     1 |     5 |     1 ||     7
       Distracted        |       |       |     2 ||     2
  Eat: Chunk             |     2 |    11 |     8 ||    21
       Ration            |       |       |     2 ||     2
Armor: Skin              |     7 |    14 |    15 ||    36
Dodge: Dodged            |    73 |   128 |   228 ||   429

Table legend:
 A = Non-vault XP
 B = Vault XP
 C = Vault XP percentage of total XP
 D = Non-vault monster count
 E = Vault monster count
 F = Vault count percentage of total count
                 A         B        C        D         E       F
            +---------+---------+-------+---------+---------+-------
      Total |    2501 |     377 |  13.1 |     149 |      28 |  15.8
            +---------+---------+-------+---------+---------+-------
        D:1 |      51 |       0 |   0.0 |      31 |       0 |   0.0
        D:2 |      86 |       0 |   0.0 |      26 |       0 |   0.0
        D:3 |      95 |     172 |  64.4 |      25 |      23 |  47.9
        D:4 |     332 |     198 |  37.4 |      13 |       4 |  23.5
        D:5 |     341 |       7 |   2.0 |      17 |       1 |   5.6
        D:6 |     783 |       0 |   0.0 |      17 |       0 |   0.0
        D:7 |     813 |       0 |   0.0 |      20 |       0 |   0.0
            +---------+---------+-------+---------+---------+-------
